AoeStats
← ali_mansour10

Oasis

508061472Analyzed
3v3 RM · 11d ago on Sep 20, 2026· 27m 41s· 6 players
Game mode
Random Map
Map size
Normal (6 player)
Population
200
Speed
Normal
Resources
Standard
Victory
Conquest
Starting age
Dark Age
Ending age
Imperial Age
RankedLock teamsTeams togetherTeam positionsShared explorationLock speedFull tech treeHidden civsTurbo modeCheats
Victory
Defeat
🇱🇧 Bulgarians · Lebanon
802
+15
🇳🇮 Saracens · Nicaragua
727
+18
🇹🇷 Bohemians · Türkiye
713
+18
🇩🇪 Spanish · Germany
786
-18
🇷🇺 Byzantines · Russia
769
-17
🇧🇷 Britons · Brazil
753
-16
chingon
11:37 Feudal Age
12:06 Horse Collar
12:14 Double-Bit Axe
23:42 Castle Age
22:39 Wheelbarrow
23:43 Stone Mining
24:15 Arson
23:59 Pikeman
24:24 Gambesons
24:42 Squires
24:58 Scale Barding Armor
25:03 Forging
27:58 Bow Saw
ali_mansour10
4:51 Loom
14:57 Feudal Age
16:31 Wheelbarrow
15:41 Town Watch
15:42 Horse Collar
15:50 Double-Bit Axe
23:23 Castle Age
22:56 Scale Mail Armor
23:06 Forging
24:12 Squires
25:46 Hand Cart
25:36 Heavy Plow
26:10 Town Patrol
26:27 Bow Saw
27:57 Gold Mining
DUREX
1:06 Loom
13:49 Feudal Age
14:31 Double-Bit Axe
18:26 Wheelbarrow
21:23 Arson
27:00 Castle Age
Tompzera
11:09 Feudal Age
11:40 Double-Bit Axe
12:31 Wheelbarrow
11:39 Horse Collar
18:09 Castle Age
22:24 Crossbowman
podkiva
13:38 Feudal Age
14:19 Horse Collar
16:49 Double-Bit Axe
16:59 Gold Mining
27:09 Castle Age
26:00 Scale Barding Armor
26:06 Forging
25:57 Stone Mining
28:19 Wheelbarrow
LeginExelents
5:26 Loom
13:18 Feudal Age
14:56 Wheelbarrow
14:05 Horse Collar
14:13 Double-Bit Axe
18:57 Castle Age
Connection lost

Rejoining the realm…

Still unreachable

The connection could not be restored.

Session expired

The server has moved on; the page needs a fresh start.